 Dungeon Crawl Stone Soup version 0.19.0-2-gae57169 (webtiles) character file.

28 hairmachine the Cudgeler (level 3, 0/29 HPs)
             Began as a Human Berserker on Nov 6, 2016.
             Was a Follower of Trog.
             Slain by a hobgoblin
             ... wielding a +0 club
              (2 damage)
             ... on level 1 of the Dungeon.
             The game lasted 00:03:25 (708 turns).

hairmachine the Cudgeler (Human Berserker)           Turns: 708, Time: 00:03:26

Health: 0/29       AC:  2    Str: 18    XL:     3   Next: 27%
Magic:  3/3        EV: 12    Int:  7    God:    Trog [*.....]
Gold:   24         SH:  0    Dex: 12    Spells: 0 memorised, 2 levels left

rFire  . . .     SeeInvis .     a - +0 mace
rCold  . . .     Gourm    .     b - +0 animal skin
rNeg   . . .     Faith    .     (no shield)
rPois  .         Spirit   .     (no helmet)
rElec  .         Reflect  .     (no cloak)
rCorr  .         Harm     .     (no gloves)
MR     .....                    (no boots)
Stlth  +.........               (no amulet)
                                (no ring)
                                (no ring)

@: exhausted, slowed, very slow
A: no striking features
a: Berserk, Burn Spellbooks, Renounce Religion


You were on level 1 of the Dungeon.
You worshipped Trog.
Trog was aware of your devotion.
You were very hungry.

You visited 1 branch of the dungeon, and saw 1 of its levels.

You collected 24 gold pieces.


   Skills:
 - Level 3.0 Fighting
 + Level 4.2 Maces & Flails
 - Level 2.0 Armour
 - Level 2.0 Dodging


You had 2 spell levels left.
You didn't know any spells.

Inventory:

Hand Weapons
 a - a +0 mace (weapon)
Armour
 b - a +0 animal skin (worn)
 d - a +0 pair of gloves
   (You found it on level 1 of the Dungeon)
Jewellery
 e - an uncursed ring of wizardry {unknown}
   (You took it off a hobgoblin on level 1 of the Dungeon)
Comestibles
 c - 3 bread rations
 f - 3 chunks of flesh

Dungeon Overview and Level Annotations

Branches:
Dungeon (1/15)

Altars:

.....#####.#.####...#.###.....# #
..#...g@#......#.....# .
#######.#.##.#.#.....# .
######### #.#.##.#.#####.# .
##.......## #.#..#.#)##....##.
##..#####..####....#..........#.
#..#.....#....#......#........#.
#..#.......#.....#..#.#........#.
#....<....#............#.....'.
#..#.......#..####+#.....#######.
#..#.....#..#.. .......# .
##..#####..##... ...>...# . ##.
..... ... ........ . #
#######.......#... # .....


You could see a hobgoblin.


Message History

You start resting.
HP restored.
A leopard gecko and a bat come into view.
There is an open door here.
The bat hits you but does no damage. The bat completely misses you.
The leopard gecko hisses angrily.
The bat hits you but does no damage.
You closely miss the bat. The bat closely misses you.
The bat barely misses you.
You hit the bat.
You kill the bat!
The leopard gecko hisses menacingly.
Unknown command.
You closely miss the leopard gecko. The leopard gecko bites you. x2
Huge Dmg: -20%(-6hp) hp: 80%(23hp)
You closely miss the leopard gecko. The leopard gecko barely misses you.
Unknown command.
You closely miss the leopard gecko. The leopard gecko barely misses you.
The leopard gecko closely misses you.
Unknown command.
You hit the leopard gecko.
You kill the leopard gecko!
You see here a leopard gecko corpse.
You butcher the leopard gecko corpse.
f - 3 chunks of flesh (gained 2)
You start resting.
A leopard gecko comes into view.
You start resting.
The leopard gecko hisses angrily.
A hobgoblin comes into view. It is wielding a club.
The hobgoblin shouts!
You hit the leopard gecko.
The leopard gecko is moderately wounded.
The leopard gecko barely misses you. x2
You completely miss the leopard gecko.
The leopard gecko is moderately wounded.
The leopard gecko closely misses you.
You sock the leopard gecko!
You kill the leopard gecko!
You hit the hobgoblin but do no damage. The hobgoblin barely misses you.
The hobgoblin hits you with a club.
Damage: -14%(-4hp) hp: 80%(23hp)
You hit the hobgoblin but do no damage.
The hobgoblin hits you but does no damage.
You hit the hobgoblin but do no damage. The hobgoblin hits you with a club.
Damage: -7%(-2hp) hp: 73%(21hp)
You hit the hobgoblin but do no damage.
The hobgoblin hits you but does no damage.
You hit the hobgoblin but do no damage. The hobgoblin hits you with a club.
* * * LOW HITPOINT WARNING * * *
Damage: -14%(-4hp) hp: 59%(17hp)
You are too injured to fight recklessly!
You are too injured to fight recklessly!
You are too injured to fight recklessly!
You closely miss the hobgoblin. The hobgoblin hits you with a club.
* * * LOW HITPOINT WARNING * * *
A hobgoblin comes into view. It is wielding a club.
Huge Dmg: -14%(-4hp) hp: 45%(13hp)
You barely miss the hobgoblin. The hobgoblin hits you with a club.
* * * LOW HITPOINT WARNING * * *
The hobgoblin moves out of view.
Damage: -3%(-1hp) hp: 42%(12hp)
You hit the hobgoblin.
The hobgoblin is moderately wounded.
The hobgoblin hits you with a club.
* * * LOW HITPOINT WARNING * * *
Huge Dmg: -21%(-6hp) hp: 21%(6hp)
A red film seems to cover your vision as you go berserk!
You feel yourself moving faster!
You feel mighty!
You are feeling very hungry.
The hobgoblin hits you with a club.
* * * LOW HITPOINT WARNING * * *
You bludgeon the hobgoblin!!
You kill the hobgoblin!
e - a knobbly garnet ring You now have 24 gold pieces (gained 9).
Things that are here:
a club; a plate armour; a leopard gecko corpse You butcher the leopard gecko corpse.
You feel a strong urge to attack something.
f - 4 chunks of flesh (gained 1)
Things that are here:
a club; a plate armour You feel your anger subside.
You are no longer berserk.
You are exhausted.
You feel yourself slow down.
Huge Dmg: -7%(-2hp) hp: 21%(6hp)
The hobgoblin shouts!
Unknown command.
The hobgoblin hits you with a club!
* * * LOW HITPOINT WARNING * * *
Huge Dmg: -24%(-7hp) hp: 4%(1hp)
You aren't carrying any potions.
The hobgoblin barely misses you. The hobgoblin barely misses you.
You aren't carrying any spellbooks or scrolls.
The hobgoblin misses you. The hobgoblin closely misses you.
The hobgoblin hits you with a club.
You die...

Vault maps used:
D:1:      scummos_arrival_hexagon, nrook_loot_triangle, minmay_misc_feat_hallway

Notes
Turn   | Place    | Note
-------+----------+-------------------------------------------
     0 | D:1      | hairmachine the Human Berserker began the quest for the Orb.
     0 | D:1      | Reached XP level 1. HP: 18/18 MP: 1/1
   125 | D:1      | Reached XP level 2. HP: 14/24 MP: 2/2
   506 | D:1      | Reached skill level 4 in Maces & Flails
   506 | D:1      | Reached XP level 3. HP: 29/29 MP: 3/3
   697 | D:1      | HP: 1/29 [hobgoblin/club (7)]
   708 | D:1      | Slain by a hobgoblin

Vanquished Creatures
  An adder (D:1)
  An ooze (D:1)
  2 leopard geckos (D:1)
  A hobgoblin (D:1)
  3 jackals (D:1)
  A bat (D:1)
  2 frilled lizards (D:1)
  A goblin (D:1)
  2 kobolds (D:1)
14 creatures vanquished.

Action                   || total
-------------------------++-------
Melee: Mace              ||    40
Invok: Berserk           ||     3
  Eat: Chunk             ||     1
Armor: Animal skin       ||     6
Dodge: Dodged            ||    27

Skill      XL: |  1  2 |
---------------+-------+-----
Maces & Flails | 4 |  4.2
Fighting       | |  3.0
Armour         | |  2.0
Dodging        | |  2.0
